 Dungeon Sprint DCSS version 0.20.1-1-g8b1a95d (webtiles) character file.

2547 wojtek the Bludgeoner (level 9, -10/90 HPs)
             Began as a Minotaur Fighter on Dec 31, 2017.
             Was a Believer of Trog.
             Mangled by Sonja
             ... wielding a +0 short sword of distortion
              (16 damage)
             ... in the Dungeon (Sprint I: "Red Sonja").
             The game lasted 00:02:50 (1062 turns).

wojtek the Bludgeoner (Minotaur Fighter)            Turns: 1062, Time: 00:02:50

Health: -10/90     AC:  9    Str: 23    XL:     9   Next: 30%
Magic:  8/8        EV: 12    Int:  5    God:    Trog [**....]
Gold:   405        SH: 11    Dex: 11    Spells: 8/8 levels left

rFire    . . .     SeeInvis .   a - +0 flail
rCold    . . .     Gourm    .   c - +0 shield
rNeg     . . .     Faith    .   o - +0 scale mail
rPois    .         Spirit   .   (helmet restricted)
rElec    .         Reflect  .   (no cloak)
rCorr    .         Harm     .   (no gloves)
MR       .....     NoTele   +   (no boots)
Stlth    ..........             (no amulet)
Regen    0.3/turn               (no ring)
MPRegen  0.2/turn               (no ring)

@: lethally poisoned (-10 -> -11), slowed, very slow
A: retaliatory headbutt, horns 2
a: Berserk, Trog's Hand, Burn Spellbooks, Renounce Religion


You were in the Dungeon.
You worshipped Trog.
Trog was pleased with you.
You were not hungry.

You visited 1 branch You collected 405 gold pieces.

Inventory:

Hand Weapons
 a - a +0 flail (weapon)
Armour
 b - a +0 scale mail
 c - a +0 shield (worn)
 l - a +1 leather armour of cold resistance
 o - a +0 scale mail (worn)
Scrolls
 k - a scroll of blinking
Potions
 d - a potion of might
 h - a potion of haste
 i - 2 potions of magic
 j - a potion of berserk rage
 m - a potion of flight {unknown}
Comestibles
 f - a bread ration
 g - 4 chunks of flesh
 p - 2 fruits


   Skills:
 + Level 12.0 Fighting
 * Level 15.7 Maces & Flails
 + Level 12.0 Armour
 + Level 7.0 Dodging
 + Level 8.7 Shields


You had 8 spell levels left.
You didn't know any spells.

Dungeon Overview and Level Annotations

Branches:
Dungeon (1/1)

Altars:
Cheibriados
Dithmenos
Elyvilon
Fedhas
Gozag
Hepliaklqana
Kikubaaqudgha
Makhleb
Nemelex Xobeh
Okawaru
Qazlal
Ru
Sif Muna
Trog
Uskayaw
Vehumet
Xom
Yredelemnul
Zin
The Shining One
Jiyva
Lugonu

Shops:
D %

Annotations:
D Sonja


Innate Abilities, Weirdness & Mutations

You reflexively headbutt those who attack you in melee.
You have a pair of horns on your head.


Message History

You see here a curare-tipped needle.
You feel better.
Sonja shoots a curare-tipped needle.
The curare-tipped needle hits you.
You are poisoned.
You have difficulty breathing.
* * * LOW HITPOINT WARNING * * *
You feel as though you will be slow longer.
You close the door.
You feel sick.
Sonja opens the door.
You close the door.
You feel sick.
Sonja opens the door.
Sonja mumbles some strange words.
Sonja blinks!
You close the door.
You feel sick.
Okay, then.
You start resting.
You feel sick. x2
Sonja, the Graceful Assassin opens the door.
She is wielding a blowgun.
Sonja unwields an uncursed blowgun.
Sonja wields an uncursed short sword of distortion.
Its appearance distorts for a moment.
You block Sonja's attack. Sonja hits you but does no damage.
Space warps horribly around you!
You die...

##########################
#<.#..)..#..'..#__#..')..#
#..').#..').#).(..'..#)..#
#..#####'#####'#__####...+
#..####..#...#.####?§#####
#..#__####..##(#§≈§..#
#..#_____##'#§§§§§§§.§
#⌠⌠#_.∩...'..K§#≈§≈.§#
####_..__##§.#@##c####
#_____###'#(# $!? #######
#.### ### $. $. ##. #+


You could see Sonja.

Vanquished Creatures
  2 centaur warriors (D)
  2 kobold demonologists (D)
  A slime creature (D)
  Sigmund (D)
  A yak (D)
  A floating eye (D)
  An ogre (D)
  A jelly (D)
  Ijyb (D)
11 creatures vanquished.

Vanquished Creatures (others)
  4 hornets (D)
4 creatures vanquished.

Grand Total: 15 creatures vanquished

Notes
Turn   | Place    | Note
-------+----------+-------------------------------------------
     0 | D        | wojtek the Minotaur Fighter began the quest for the Orb.
     0 | D        | Reached XP level 1. HP: 19/19 MP: 0/0
     1 | D        | Noticed Ijyb
    23 | D        | Killed Ijyb
    23 | D        | Reached skill level 5 in Fighting
    23 | D        | Reached skill level 5 in Maces & Flails
    23 | D        | Reached XP level 2. HP: 19/29 MP: 1/1
   130 | D        | Noticed an ogre
   137 | D        | Killed an ogre
   137 | D        | Reached skill level 8 in Maces & Flails
   137 | D        | Reached XP level 3. HP: 23/38 MP: 2/2
   137 | D        | Reached XP level 4. HP: 27/45 MP: 3/3
   253 | D        | Noticed Sigmund
   261 | D        | Killed Sigmund
   261 | D        | Reached skill level 10 in Maces & Flails
   261 | D        | Reached XP level 5. HP: 42/53 MP: 4/4
   322 | D        | Found a burning altar of Makhleb.
   322 | D        | Found a viscous altar of Jiyva.
   322 | D        | Found a shimmering altar of Xom.
   322 | D        | Found a corrupted altar of Lugonu.
   322 | D        | Noticed a slime creature
   333 | D        | Killed a slime creature
   333 | D        | Reached skill level 12 in Maces & Flails
   333 | D        | Reached XP level 6. HP: 56/64 MP: 5/5
   370 | D        | Found a deep blue altar of Sif Muna.
   372 | D        | Found a radiant altar of Vehumet.
   571 | D        | Killed a hornet
   576 | D        | Killed a hornet
   581 | D        | Found Joezet's Food Emporium.
   581 | D        | Found an ancient bone altar of Kikubaaqudgha.
   581 | D        | Found a hazy altar of Hepliaklqana.
   581 | D        | Found a stormy altar of Qazlal.
   581 | D        | Found a hide-covered altar of Uskayaw.
   581 | D        | Found a blossoming altar of Fedhas.
   581 | D        | Found a bloodstained altar of Trog.
   581 | D        | Found an iron altar of Okawaru.
   581 | D        | Found a basalt altar of Yredelemnul.
   581 | D        | Found a glowing golden altar of the Shining One.
   581 | D        | Found a snail-covered altar of Cheibriados.
   581 | D        | Found a sacrificial altar of Ru.
   581 | D        | Found a glowing silver altar of Zin.
   581 | D        | Found a shadowy altar of Dithmenos.
   581 | D        | Found a white marble altar of Elyvilon.
   581 | D        | Noticed a yak
   586 | D        | Killed a yak
   586 | D        | Reached XP level 7. HP: 66/71 MP: 6/6
   587 | D        | Found an opulent altar of Gozag.
   588 | D        | Found a sparkling altar of Nemelex Xobeh.
   592 | D        | Became a worshipper of Trog the Wrathful
   618 | D        | Noticed a kobold demonologist
   619 | D        | Noticed a kobold demonologist
   621 | D        | Reached skill level 10 in Fighting
   621 | D        | Reached skill level 13 in Maces & Flails
   621 | D        | Reached skill level 10 in Armour
   621 | D        | Reached skill level 5 in Shields
   625 | D        | Noticed an orange demon
   626 | D        | Noticed a smoke demon
   626 | D        | Noticed a red devil
   627 | D        | Killed a kobold demonologist
   627 | D        | Reached * piety under Trog
   633 | D        | Noticed a chaos spawn
   635 | D        | Killed a kobold demonologist
   635 | D        | Reached skill level 14 in Maces & Flails
   635 | D        | Reached XP level 8. HP: 21/81 MP: 7/7
   635 | D        | HP: 2/81 [burnt (7)]
   961 | D        | Noticed a centaur warrior
   968 | D        | Noticed a centaur warrior
   986 | D        | Killed a centaur warrior
   986 | D        | Reached ** piety under Trog
   986 | D        | Reached skill level 15 in Maces & Flails
   992 | D        | Killed a hornet
  1006 | D        | Killed a hornet
  1024 | D        | Noticed Sonja
  1039 | D        | Killed a centaur warrior
  1039 | D        | Reached XP level 9. HP: 39/90 MP: 8/8
  1062 | D        | Mangled by Sonja

Skill      XL: |  1  2  3  4  5  6  7  8 |
---------------+-------------------------+-----
Fighting       | 5 6 8 9 10 12 | 12.0
Maces & Flails | 5 8 10 12 14 15 | 15.7
Armour         | 4 6 8 9 10 12 | 12.0
Dodging        | 2 4 7 |  7.0
Shields        | 4 6 8 |  8.7

Action                   |  1- 3 |  4- 6 |  7- 9 || total
-------------------------+-------+-------+-------++-------
Melee: Flail             |    27 |    26 |    43 ||    96
       Headbutt          |     5 |    10 |     6 ||    21
  Use: Potion            |       |       |     2 ||     2
  Eat: Chunk             |       |       |     1 ||     1
Armor: Scale mail        |     7 |       |     7 ||    14
       Leather armour    |       |       |     3 ||     3
Dodge: Dodged            |     8 |     3 |    15 ||    26
Block: Shield            |     8 |    11 |    24 ||    43
